 Dungeon Crawl Stone Soup version 0.23-a0-386-g9c9d49f (webtiles) character file.

3016 MisterFreud the Spear-Bearer (level 9, -14/64 HPs)
             Began as a Merfolk Abyssal Knight on Oct 28, 2018.
             Was an Elder of Lugonu.
             Demolished by an orc warrior
             ... wielding a +0 trident
              (15 damage)
             ... on level 6 of the Dungeon.
             The game lasted 00:21:29 (8036 turns).

MisterFreud the Spear-Bearer (MfAK)                 Turns: 8036, Time: 00:21:30

Health: -14/64     AC: 12    Str: 12    XL:     9   Next: 85%
Magic:  15/15      EV: 16    Int: 12    God:    Lugonu [****..]
Gold:   533        SH:  6    Dex: 16    Spells: 8/8 levels left

rFire    . . .     SeeInvis .   G - +0 trident
rCold    . . .     Gourm    .   J - +1 buckler {reflect}
rNeg     . . .     Faith    .   m - +4 ring mail
rPois    .         Spirit   .   l - +0 helmet
rElec    .         Reflect  +   (no cloak)
rCorr    .         Harm     .   f - +0 pair of gloves
MR       .....                  g - +0 pair of boots
Stlth    +.........             u - amulet of the acrobat
HPRegen  0.20/turn              (no ring)
MPRegen  0.14/turn              (no ring)

@: no status effects
A: change form in water, swift swim, stealthy swim
a: Depart the Abyss, Bend Space, Banish, Corrupt, Renounce Religion


You were on level 6 of the Dungeon.
You worshipped Lugonu.
Lugonu was greatly pleased with you.
You were not hungry.

You visited 1 branch of the dungeon, and saw 8 of its levels.
You visited the Abyss 1 time.

You collected 533 gold pieces.

Inventory:

Hand Weapons
 G - a +0 trident (weapon)
Missiles
 k - 333 stones
 o - 58 poisoned needles
 v - 6 tomahawks
 y - 2 javelins (quivered)
 D - 3 needles of confusion
Armour
 b - a +0 leather armour
 f - a +0 pair of gloves (worn)
 g - a +0 pair of boots (worn)
 l - a +0 helmet (worn)
 m - a +4 ring mail (worn)
 C - a -2 leather armour
 J - a +1 buckler of reflection (worn)
Jewellery
 u - an amulet of the acrobat (around neck)
Wands
 a - a wand of disintegration (9)
 x - a wand of polymorph (22)
 E - a wand of flame (15)
Scrolls
 d - 5 scrolls of teleportation
 h - a scroll of enchant armour {unknown}
 p - 2 scrolls of magic mapping
 s - 2 scrolls of random uselessness {unknown}
 w - a scroll of enchant weapon {unknown}
 z - 2 scrolls of immolation {unknown}
 A - a scroll of fog {unknown}
 H - 2 scrolls of identify
Potions
 e - a potion of curing
 i - a potion of mutation
 j - a potion of invisibility
 n - a potion of cancellation
 q - 3 potions of flight
 r - a potion of ambrosia
 t - a potion of lignification
 B - 3 potions of heal wounds
 F - 2 potions of haste
 I - a potion of degeneration {unknown}
Comestibles
 c - 15 rations


   Skills:
 - Level 3.2 Fighting
 + Level 11.6 Polearms
 - Level 0.6 Armour
 + Level 9.8 Dodging
 - Level 3.0 Shields
 - Level 8.0 Invocations


You had 8 spell levels left.
You didn't know any spells.
Your spell library contained the following spells:

 Spells                   Type           Power        Failure   Level  Hunger
 Beastly Appendage        Tmut           #.....       63%         1    ##.....
 Sticks to Snakes         Tmut           #.......     77%         2    ###....
 Spider Form              Tmut/Pois      #.........   94%         3    ####...
 Ice Form                 Ice/Tmut       #.......     100%        4    #####..
 Blade Hands              Tmut           #.........   100%        5    ######.


Dungeon Overview and Level Annotations

Branches:
Dungeon (8/15)             Temple (0/1) D:4
   Lair: D:8-11

Altars:
Fedhas
Hepliaklqana
Kikubaaqudgha
Makhleb
Trog


Message History

The orc warrior misses you.
You hit the orc warrior.
The orc warrior is severely wounded.
You feel much better. You block the orc warrior's attack.
You hit the orc warrior.
The orc warrior is severely wounded.
You block the orc warrior's attack.
You hit the orc warrior.
The orc warrior is almost dead.
The orc warrior hits you with a +0 trident!
You hit the orc warrior but do no damage.
The orc warrior is almost dead.
You hit the orc warrior.
The orc warrior is almost dead.
The orc warrior hits you with a +0 trident!!
* * * LOW HITPOINT WARNING * * *
You hit the orc warrior but do no damage.
The orc warrior is almost dead.
The orc warrior hits you with a +0 trident!
You die...

#.#. #.# #.#.# #.#
#.#.# #.# #.#.# #
#.# #.#.# # #.#
#.#.# # #.#
#.#.### #o#
###.#.... #@#
#...).### #.#
#.###.### #.# #.#
#....
#.########.###.##.
#.................
#################.
##


You could see an orc warrior.

Vanquished Creatures
  Grinder (D:3)
  Sigmund (D:4)
  A spriggan (D:7)
  A sky beast (D:6)
  An orc warrior (D:6)
  An ice beast (D:5)
  A phantom (D:7)
  6 ogres
  A centaur (D:7)
  A big kobold (D:7)
  4 bullfrogs
  3 scorpions
  4 killer bees
  3 howler monkeys
  2 wights (D:7)
  3 crimson imps
  A quasit (D:7)
  2 hounds
  A jelly (D:7)
  An orc priest (D:6)
  2 iguanas
  3 orc wizards
  3 worker ants
  2 howler monkey zombies
  A worker ant zombie (D:5)
  A howler monkey skeleton (D:7)
  9 adders
  A shadow imp (D:7)
  2 oozes (D:1)
  2 worms
  4 dart slugs
  4 leopard geckos
  15 orcs
  11 giant cockroaches
  6 goblins
  7 hobgoblins
  2 jackals (D:7)
  9 kobolds
  4 quokkas
  9 bats
  2 frilled lizards
  A jackal skeleton (D:6)
  A leopard gecko skeleton (D:4)
  A leopard gecko zombie (D:6)
  2 quokka skeletons
  6 rats
149 creatures vanquished.

Vanquished Creatures (others)
  A human (D:2)
1 creature vanquished.

Grand Total: 150 creatures vanquished

Notes
Turn   | Place    | Note
-------+----------+-------------------------------------------
     0 | Abyss:1  | MisterFreud the Merfolk Abyssal Knight began the quest for
                  | the Orb.
     0 | Abyss:1  | Reached XP level 1. HP: 18/18 MP: 2/2
    51 | Abyss:1  | Noticed a ynoxinul
    52 | D:1      | Escaped the Abyss
    69 | D:1      | Reached * piety under Lugonu
    79 | D:1      | Reached XP level 2. HP: 19/24 MP: 3/3
   387 | D:1      | Reached XP level 3. HP: 29/29 MP: 5/5
   822 | D:2      | Reached skill level 4 in Polearms
   877 | D:2      | Reached ** piety under Lugonu
   941 | D:2      | Reached XP level 4. HP: 31/35 MP: 6/6
  1168 | D:2      | Found an ancient bone altar of Kikubaaqudgha.
  1169 | D:2      | Noticed a human
  1170 | D:2      | Killed a human
  1543 | D:3      | Found a bloodstained altar of Trog.
  1833 | D:3      | Noticed Grinder
  1864 | D:3      | Paralysed by Grinder for 6 turns
  2335 | D:4      | Reached XP level 5. HP: 23/41 MP: 8/8
  2395 | D:4      | Reached skill level 5 in Polearms
  2395 | D:4      | Reached skill level 5 in Invocations
  2566 | D:4      | Found a staircase to the Ecumenical Temple.
  2672 | D:4      | Noticed Sigmund
  2689 | D:4      | Killed Sigmund
  2689 | D:4      | Reached skill level 6 in Polearms
  2689 | D:4      | Reached XP level 6. HP: 28/47 MP: 10/10
  2974 | D:3      | Paralysed by Grinder for 6 turns
  3179 | D:3      | Paralysed by Grinder for 5 turns
  3193 | D:3      | Paralysed by Grinder for 7 turns
  3209 | D:3      | Paralysed by Grinder for 3 turns
  3216 | D:3      | Killed Grinder
  3216 | D:3      | Reached skill level 8 in Polearms
  3216 | D:3      | Reached XP level 7. HP: 15/52 MP: 11/11
  3502 | D:3      | Found a blossoming altar of Fedhas.
  4051 | D:5      | Entered Level 5 of the Dungeon
  4114 | D:5      | Reached *** piety under Lugonu
  4173 | D:5      | Found a hazy altar of Hepliaklqana.
  4401 | D:5      | Reached skill level 5 in Dodging
  4401 | D:5      | Reached XP level 8. HP: 43/58 MP: 12/12
  4441 | D:5      | Reached skill level 9 in Polearms
  4899 | D:6      | Found a burning altar of Makhleb.
  4900 | D:6      | Found a bloodstained altar of Trog.
  5374 | D:6      | Reached skill level 10 in Polearms
  5674 | D:7      | Reached XP level 9. HP: 20/64 MP: 14/14
  6174 | D:7      | Reached **** piety under Lugonu
  6296 | D:7      | Reached skill level 11 in Polearms
  6403 | D:7      | Found a blossoming altar of Fedhas.
  6661 | D:7      | Found a blossoming altar of Fedhas.
  6976 | D:8      | Reached skill level 1 in Shields
  8035 | D:6      | HP: 1/64 [orc warrior/+0 trident (19)]
  8036 | D:6      | Demolished by an orc warrior

Vault maps used:
D:1:      mrwooster_arrival_statue, minmay_misc_feat_five, minmay_box_of_dots
D:2:      tgw_kikubaaqudgha
D:3:      lemuel_round_altar, trog_three_pillars_becter, uniq_grinder
D:4:      temple_pool_b, first_ration, uniq_sigmund
D:5:      nicolae_overflow_crystal_walls
D:6:      cheibrodos_quashed, lemuel_coloured_pillars_altar, bloody_makhleb,
          basic_altar
D:7:      basic_altar, the_bakery, fedhas_altar_3
D:8:      serial_shops, shop, kennysheep_nondescript, uniq_joseph

Skill      XL: |  1  2  3  4  5  6  7  8  9 |
---------------+----------------------------+-----
Invocations    | 3 4 6 8 |  8.0
Polearms       | 4 6 8 10 11 | 11.6
Dodging        | 5 8 9 |  9.8
Shields        | 3 |  3.0
Fighting       | |  3.2
Armour         | |  0.6

Action                   |  1- 3 |  4- 6 |  7- 9 || total
-------------------------+-------+-------+-------++-------
Melee: Spear             |   137 |   235 |   294 ||   666
       Unarmed           |       |     3 |       ||     3
       Trident           |       |       |   382 ||   382
Throw: Javelin           |       |     3 |       ||     3
Invok: Depart the Abyss  |     1 |       |       ||     1
  Use: Scroll            |       |    10 |     7 ||    17
       Potion            |       |     1 |     1 ||     2
  Eat: Chunk             |       |     3 |    10 ||    13
       Ration            |       |     1 |     2 ||     3
Armor: Leather armour    |    22 |       |       ||    22
       Ring mail         |    15 |    60 |   128 ||   203
       Skin              |       |     6 |       ||     6
Dodge: Dodged            |    79 |    81 |   311 ||   471
Block: Buckler           |       |       |    25 ||    25

Table legend:
 A = Non-vault XP
 B = Vault XP
 C = Vault XP percentage of total XP
 D = Non-vault monster count
 E = Vault monster count
 F = Vault count percentage of total count
                 A         B        C        D         E       F
            +---------+---------+-------+---------+---------+-------
      Total |    3583 |     726 |  16.8 |     144 |       5 |   3.4
            +---------+---------+-------+---------+---------+-------
        D:1 |      49 |       3 |   5.8 |      22 |       2 |   8.3
        D:2 |      39 |       0 |   0.0 |      15 |       0 |   0.0
        D:3 |      48 |     281 |  85.4 |      21 |       1 |   4.5
        D:4 |     318 |     231 |  42.1 |      10 |       1 |   9.1
        D:5 |     426 |       0 |   0.0 |      16 |       0 |   0.0
        D:6 |    1008 |       0 |   0.0 |      26 |       0 |   0.0
        D:7 |    1359 |     211 |  13.4 |      28 |       1 |   3.4
        D:8 |     336 |       0 |   0.0 |       6 |       0 |   0.0
            +---------+---------+-------+---------+---------+-------
